 Dungeon Crawl Stone Soup version 0.26-a0-639-g72c4674329 (webtiles) character file.

Game seed: 13931666138254876910

43151 Gottschkopf the Martial Artist (level 13, -17/157 HPs)
             Began as a Yellow Draconian Transmuter on Sept 15, 2020.
             Was a High Priest of Sif Muna.
             Engulfed by an ice statue's freezing vapour (19 damage)
             ... on level 3 of the Lair of Beasts.
             The game lasted 01:08:25 (21951 turns).

Gottschkopf the Martial Artist (DrTm)              Turns: 21951, Time: 01:08:26

Health: -17/157    AC: 26    Str: 12 (13) XL:     13   Next: 89%
Magic:  20/23      EV:  2    Int: 17 (18) God:    Sif Muna [*****.]
Gold:   1374       SH:  0    Dex: 14 (15) Spells: 2/26 levels left

rFire    + . .     SeeInvis .     - Unarmed
rCold    . . .     Faith    .   (no shield)
rNeg     + + +     Spirit   .   (armour unavailable)
rPois    +         Reflect  .   (helmet currently unavailable)
rElec    .         Harm     .   (cloak currently unavailable)
rCorr    .         Rampage  .   (gloves currently unavailable)
MR       +....     NoTele   +   (boots currently unavailable)
Stlth    +.........             o - amulet of magic regeneration
HPRegen  0.36/turn              y - ring of a Billion Continents {+Blink rF+ Int+3}
MPRegen  0.43/turn              x - +4 ring of evasion

@: tree-form, very slightly contaminated, invisible
A: (spit acid), unfitting armour, blurry vision 1, deterioration 1, magic
resistance 1, AC +8
a: Channel Magic, Forget Spell, Divine Exegesis, Renounce Religion, Evoke Blink


You were on level 3 of the Lair of Beasts.
You worshipped Sif Muna.
Sif Muna was extremely pleased with you.
You were a tree.
You visited 2 branches of the dungeon, and saw 17 of its levels.
You also visited: Sewer and Ossuary.

You collected 1402 gold pieces.
You spent 28 gold pieces at shops.

Inventory:

Hand Weapons
 J - the +10 trident of the Inferno {vorpal, *Drain Fragile rF++ rC+++}
   (You took it off an orc on level 11 of the Dungeon)

   It inflicts extra damage upon your enemies.
   It greatly protects you from fire.
   It renders you almost immune to cold.
   It causes draining when unequipped.
   It will be destroyed if unequipped.
 K - a +0 scimitar of flaming
Armour
 a - a +2 cloak (melded)
 h - a +0 pair of boots (melded)
 j - a +1 hat (melded)
 k - a +2 pair of gloves (melded)
 I - the +0 pair of boots "Mupagh" {+Blink rC+ MP-9 Dex+4}
   (You found it on level 10 of the Dungeon)

   It affects your dexterity (+4).
   It protects you from cold.
   It affects your magic capacity (-9).
   It lets you blink.
Jewellery
 f - an uncursed ring of fire
 g - an uncursed ring of fire
 o - an amulet of magic regeneration (around neck)
 x - a +4 ring of evasion (right branch)
 y - the ring of a Billion Continents (left branch) {+Blink rF+ Int+3}
   (You found it on level 10 of the Dungeon)

   [ring of protection from fire]

   It affects your intelligence (+3).
   It protects you from fire.
   It lets you blink.
 L - a cursed amulet of guardian spirit
 N - an uncursed ring of fire
Wands
 l - a wand of random effects (15)
 m - a wand of disintegration (27)
 G - a wand of polymorph (13)
 H - a wand of enslavement (13)
Scrolls
 b - 16 scrolls of teleportation
 c - 3 scrolls of amnesia
 e - 3 scrolls of fog
 q - a scroll of silence
 s - 5 scrolls of holy word
 t - a scroll of fear {unknown}
 w - 7 scrolls of magic mapping
 B - 2 scrolls of brand weapon {unknown}
 C - 5 scrolls of remove curse
 D - a scroll of enchant weapon {unknown}
 E - a scroll of blinking
 M - a scroll of acquirement {unknown}
 O - 2 scrolls of identify
Potions
 d - 4 potions of stabbing
 i - a potion of brilliance
 n - 4 potions of lignification
 p - 4 potions of curing
 r - 3 potions of ambrosia
 u - 2 potions of magic
 v - 2 potions of cancellation
 z - 4 potions of might
 F - 3 potions of heal wounds
 Q - a potion of haste
Miscellaneous
 A - a lightning rod (4/4)
 P - a phantom mirror


   Skills:
 - Level 7.2 Fighting
 + Level 7.7 Dodging
 - Level 12.3 Unarmed Combat
 - Level 7.0 Spellcasting
 - Level 2.3 Conjurations
 - Level 12.1 Transmutations
 - Level 2.3 Air Magic
 - Level 2.1 Poison Magic
 - Level 8.1 Invocations
 - Level 8.8 Evocations


You had 2 spell levels left.
You knew the following spells:

 Your Spells              Type           Power        Failure   Level
a - Blade Hands           Tmut           #####.....   2%          5
b - Spider Form           Tmut/Pois      ####......   1%          3
c - Wereblood             Tmut           #####...     1%          2
d - Beastly Appendage     Tmut           #####.       1%          1
e - Mephitic Cloud        Conj/Pois/Air  ##......     14%         3
f - Ice Form              Ice/Tmut       ####....     10%         4
g - Hydra Form            Tmut           #####.....   12%         6

Your spell library contained the following spells:

 Spells                   Type           Power        Failure   Level
 Sting                    Tmut/Pois      ####         1%          1
 Passwall                 Tmut/Erth      ####....     1%          2
 Magic Dart               Conj           ##..         4%          1
 Animate Skeleton         Necr           #.....       12%         1
 Pain                     Necr           #...         12%         1
 Sandblast                Erth           #.....       12%         1
 Summon Small Mammal      Summ           #...         12%         1
 Blink                    Tloc           N/A          17%         2
 Call Imp                 Summ           #.......     17%         2
 Ensorcelled Hibernation  Hex/Ice        #.....       17%         2
 Slow                     Hex            #.......     17%         2
 Petrify                  Tmut/Erth      ####....     10%         4
 Conjure Flame            Conj/Fire      #.......     22%         3
 Stone Arrow              Conj/Erth      #.....       22%         3
 Call Canine Familiar     Summ           #.......     34%         3
 Summon Guardian Golem    Hex/Summ       #.......     34%         3
 Vampiric Draining        Necr           #.........   34%         3
 Summon Lightning Spire   Summ/Air       #.......     58%         4
 Animate Dead             Necr           #.........   75%         4
 Summon Ice Beast         Ice/Summ       #.......     75%         4
 Statue Form              Tmut/Erth      ####.....    83%         6
 Silence                  Hex/Air        #.........   90%         5
 Agony                    Necr           #.......     97%         5
 Borgnjor's Vile Clutch   Necr/Erth      #.........   97%         5
 Lee's Rapid Deconstruct  Erth           #.........   97%         5
 Shadow Creatures         Summ           N/A          100%        6
 Summon Hydra             Summ           #.........   100%        7
 Necromutation            Tmut/Necr      ####......   100%        8


Dungeon Overview and Level Annotations

Branches:
Dungeon (14/15)            Temple (0/1) D:7            Lair (3/6) D:11
    Orc (0/2) D:11         Vaults (0/5) D:13          Sewer (visited)
Ossuary (visited)
  Swamp: Lair:2-4    Shoals: Lair:2-4     Snake: Lair:2-4    Spider: Lair:2-4

Altars:
Kikubaaqudgha
Okawaru
Ru
Sif Muna

Shops:
D:5 ?   D:8 !   D:13 (

Annotations:
D:12 3 runed translucent doors, DogServant's ghost, journeyman DECj
Lair:3 exclusion: ice statue


Innate Abilities, Weirdness & Mutations

((You can spit globs of acid.))
((Your golden yellow scales are hard. (AC +8)))
You cannot fit into any form of body armour.
((You are cold-blooded and may be slowed by cold attacks.))
((You are resistant to acid. (rCorr)))
((You have a pair of small horns on your head.))
Scrolls take you a little longer to read.
Your body sometimes deteriorates upon taking damage.
You are resistant to hostile enchantments. (MR+)
((You are occasionally teleported next to monsters.))


Message History

You nip at the ice statue.
The ice statue is moderately damaged.
You barely miss the ice beast.
You strike the helpless ice beast from behind!
You nip at the ice beast.
You bite the white imp!
* * * LOW HITPOINT WARNING * * *
The white imp is engulfed in freezing vapours.
The white imp misses you. The ice beast barely misses you.
Really quaff the potion of lignification?
Really become a tree while standing in a cloud of freezing vapour?
Your transformation has ended.
Your +2 cloak unmelds from your body.
Your +1 hat unmelds from your body.
Your +2 pair of gloves unmelds from your body.
Your +0 pair of boots unmelds from your body.
You turn into a tree.
Your +2 cloak melds into your body.
Your +1 hat melds into your body.
Your +2 pair of gloves melds into your body.
Your +0 pair of boots melds into your body.
Your roots penetrate the ground.
You die...

# ....≈≈≈.⌠.P##### #
≈≈..........≈≈≈≈..##P.#.
.
≈.≈≈≈≈..≈≈≈≈.≈≈.≈.......
..≈≈≈≈≈≈≈≈≈≈≈.≈≈≈#....#.
..≈≈≈≈≈≈≈≈≈≈....≈.#####.
.≈≈≈≈≈≈≈≈≈≈≈..≈..## ##
.≈≈≈≈≈≈≈≈≈≈≈≈≈≈≈.# #
≈≈≈≈≈YYY°≈≈≈≈≈...####..
≈≈≈≈≈Y8♣○≈≈≈≈≈..........
≈≈≈≈≈≈55°°≈≈≈≈≈≈....###.#
≈≈≈≈≈≈☼≈≈≈≈≈≈≈≈≈...## ..
≈.≈≈≈≈≈≈≈≈≈≈≈≈.≈..## #..
.###
...≈≈≈≈≈≈≈≈≈≈...≈≈.## #..
...P
≈.≈≈≈≈≈≈≈≈≈≈≈..≈.≈..###.#
...>
≈≈..≈≈≈..≈≈≈≈.≈≈≈≈.......
.##.
..≈..........≈≈≈≈..###...
.P#
≈≈≈......|...≈≈≈.⌠.##....


You could see an ice statue, 4 ice beasts and 2 white imps.

Vanquished Creatures
  Kirke (D:13)
  Nessos (D:13)
  Azrael (D:13)
  The ghost of Zeamae the Destroyer, a journeyman OpCj of Cheibriados (Lair:2)
  A vault guard (D:13)
  Harold (D:11)
  A hydra (Lair:2)
  A centaur warrior (D:13)
  2 two-headed ogres
  An unseen horror (D:11)
  A deep elf mage (D:12)
  2 ugly things
  An oklob plant (D:11)
  Joseph (Lair:1)
  6 gargoyles
  3 centaur zombies
  A cane toad (Lair:1)
  6 komodo dragons
  An ice devil (Lair:3)
  2 kobold demonologists
  A polar bear (Lair:3)
  5 trolls
  18 blink frogs
  The ghost of PirateVox the Caller, an amateur GnSu (D:5)
  3 hornets
  3 hippogriffs
  A vampire (D:11)
  A shadow (D:14)
  4 wraiths
  38 yaks
  A spriggan (Lair:2)
  The ghost of PirateVox the Skirmisher, an amateur HOAK of Lugonu (D:4)
  2 wyverns
  4 hogs (D:13)
  2 basilisks
  3 fire elementals (D:13)
  2 soldier ants
  4 hell hounds (D:13)
  5 sky beasts
  6 orc warriors
  8 porcupines
  A black bear (D:9)
  3 water moccasins (Lair:2)
  8 ice beasts
  An eye of draining (D:7)
  A hornet zombie (D:12)
  7 ogres
  6 phantoms
  22 wolves (Lair:2)
  5 crocodiles
  10 centaurs
  Blork the orc (D:4)
  4 big kobolds
  10 bullfrogs
  3 water moccasin zombies (Ossuary)
  A wyvern skeleton (D:10)
  4 scorpions
  6 killer bees (D:8)
  18 wights
  2 howler monkeys (D:9)
  A quasit (D:10)
  2 bullfrog skeletons
  4 jellies
  3 centaur skeletons
  8 orc priests
  8 hounds
  13 orc wizards
  3 iguanas
  13 worker ants
  Natasha (thrice) (D:4)
  A bullfrog simulacrum (D:5)
  4 big kobold zombies (Ossuary)
  2 centaur simulacra (D:5)
  A hound zombie (D:8)
  3 mummies
  2 hound skeletons
  A worker ant zombie (D:7)
  8 gnolls
  3 river rats (Sewer)
  15 adders
  A shadow imp (D:7)
  3 white imps
  2 worker ant simulacra (D:5)
  2 ufetubi
  7 oozes (Sewer)
  7 adder zombies
  9 worms
  An adder simulacrum (D:5)
  5 leopard geckos
  74 orcs
  5 giant cockroaches
  6 goblins
  7 hobgoblins
  11 jackals
  3 quokkas
  2 ball pythons
  6 bats
  4 frilled lizards
  7 gnoll zombies (Ossuary)
  3 hobgoblin zombies (Ossuary)
  16 kobolds
  5 kobold zombies (Ossuary)
  A leopard gecko skeleton (D:9)
  3 orc zombies (Ossuary)
  A quokka skeleton (D:6)
  10 rats
560 creatures vanquished.

Vanquished Creatures (others)
  A centaur simulacrum (D:13)
  A shadow (D:11)
  3 humans (D:13)
  An orc (D:13)
  4 fungi
  42 plants
52 creatures vanquished.

Grand Total: 612 creatures vanquished

Notes
Turn   | Place    | Note
-------+----------+-------------------------------------------
     0 | D:1      | Gottschkopf the Draconian Transmuter began the quest for
                  | the Orb.
     0 | D:1      | Reached XP level 1. HP: 16/16 MP: 3/3
   221 | D:1      | Reached XP level 2. HP: 18/23 MP: 3/5
  1225 | D:2      | Reached XP level 3. HP: 21/28 MP: 3/6
  1231 | D:2      | Learned a level 3 spell: Spider Form
  1234 | D:2      | Learned a level 2 spell: Wereblood
  1904 | D:2      | Reached XP level 4. HP: 33/35 MP: 7/7
  1937 | D:2      | Reached skill level 1 in Poison Magic
  2202 | D:2      | Found a faded altar of an unknown god.
  2595 | D:3      | Found a glowing drain.
  2627 | Sewer    | Entered a sewer
  2632 | Sewer    | Gained mutation: Your body sometimes deteriorates upon
                  | taking damage. [potion of mutation]
  2632 | Sewer    | Gained mutation: Scrolls take you a little longer to read.
                  | [potion of mutation]
  2632 | Sewer    | Gained mutation: You are resistant to hostile enchantments.
                  | (MR+) [potion of mutation]
  2632 | Sewer    | Gained mutation: You have a pair of small horns on your
                  | head. [potion of mutation]
  2775 | Sewer    | Noticed a big kobold
  2794 | Sewer    | Killed a big kobold
  2794 | Sewer    | Reached XP level 5. HP: 26/40 MP: 5/8
  3227 | Sewer    | Reached XP level 6. HP: 42/47 MP: 7/9
  3274 | Sewer    | Reached skill level 5 in Transmutations
  4233 | D:3      | Reached skill level 5 in Unarmed Combat
  4485 | D:4      | Your scales start taking on a golden yellow colour.
  4485 | D:4      | Reached XP level 7. HP: 39/52 MP: 7/10
  4485 | D:4      | Gained mutation: You are resistant to acid. (rCorr) [Yellow
                  | Draconian growth]
  4589 | D:4      | Noticed Natasha
  4595 | D:4      | Killed Natasha
  4621 | D:4      | Noticed Natasha
  4643 | D:4      | Killed Natasha
  5330 | D:4      | Noticed Blork the orc
  5342 | D:4      | Killed Blork the orc
  5467 | D:4      | Noticed Natasha
  5471 | D:4      | Killed Natasha
  5632 | D:4      | Found a runed translucent door.
  5637 | D:4      | Noticed PirateVox's ghost (amateur HOAK)
  5836 | D:5      | Entered Level 5 of the Dungeon
  5889 | D:5      | Found a runed translucent gate.
  5889 | D:5      | Found a runed translucent gate.
  5889 | D:5      | Found a runed translucent gate.
  5903 | D:5      | Found Xefum's Magic Scroll Boutique.
  5908 | D:5      | Bought a scroll of identify for 28 gold pieces
  5929 | D:5      | Reached XP level 8. HP: 17/59 MP: 11/11
  6140 | D:6      | Found an ancient bone altar of Kikubaaqudgha.
  6227 | D:5      | Found a sand-covered staircase.
  6240 | Ossuary  | Entered an ossuary
  7175 | D:5      | Noticed PirateVox's ghost (amateur GnSu)
  7780 | D:6      | Reached skill level 10 in Unarmed Combat
  8036 | D:6      | Found an iron altar of Okawaru.
  8200 | D:6      | Found a shimmering blue altar of Sif Muna.
  8206 | D:6      | Became a worshipper of Sif Muna the Loreminder
  8262 | D:7      | Noticed a two-headed ogre
  8278 | D:7      | Reached XP level 9. HP: 51/64 MP: 8/12
  8292 | D:7      | Killed a two-headed ogre
  8926 | D:7      | Reached * piety under Sif Muna
  9352 | D:7      | Found a staircase to the Ecumenical Temple.
  9402 | D:7      | Found a sacrificial altar of Ru.
  9454 | D:8      | Learned a level 5 spell: Blade Hands
  9528 | D:8      | Reached XP level 10. HP: 70/71 MP: 8/13
  9886 | D:8      | Reached skill level 10 in Transmutations
 10166 | D:8      | Paralysed by a hornet for 1 turns
 10168 | D:8      | Paralysed by a hornet for 3 turns
 10542 | D:8      | Noticed a brown ugly thing
 10570 | D:8      | Killed a brown ugly thing
 10869 | D:8      | Found Muwaofu's Distillery.
 11058 | D:8      | Reached ** piety under Sif Muna
 11178 | D:9      | Reached skill level 5 in Dodging
 11518 | D:9      | Noticed a red ugly thing
 11518 | D:9      | Noticed a green ugly thing
 11556 | D:10     | Entered Level 10 of the Dungeon
 11562 | D:10     | Noticed a gargoyle
 11569 | D:10     | Killed a gargoyle
 11967 | D:10     | Reached XP level 11. HP: 73/81 MP: 10/14
 12010 | D:10     | Found a sacrificial altar of Ru.
 12177 | D:10     | Got a pair of bloodstained boots
 12212 | D:10     | Identified the cursed +0 pair of boots "Mupagh" {+Blink rC+
                  | MP-9 Dex+4} (You found it on level 10 of the Dungeon)
 12447 | D:10     | Gained mutation: You are occasionally teleported next to
                  | monsters. [mutagenic glow]
 12455 | D:11     | Noticed Harold
 12663 | D:10     | Reached skill level 5 in Fighting
 12675 | D:10     | Got a warped steel ring
 12821 | D:11     | Noticed a two-headed ogre
 12828 | D:11     | Killed a two-headed ogre
 12832 | D:11     | Reached *** piety under Sif Muna
 12946 | D:11     | Identified the +10 trident of the Inferno {vorpal, *Drain
                  | Fragile rF++ rC+++}
 12965 | D:11     | Found a staircase to the Orcish Mines.
 13039 | D:11     | Found a staircase to the Lair.
 13041 | D:11     | Noticed an oklob plant
 13047 | D:11     | Killed an oklob plant
 13060 | D:11     | Killed Harold
 13149 | D:11     | Identified the ring of a Billion Continents {+Blink rF+
                  | Int+3} (You found it on level 10 of the Dungeon)
 13554 | D:11     | Reached **** piety under Sif Muna
 13614 | D:11     | Reached skill level 1 in Evocations
 13698 | D:11     | Killed an unseen horror
 14353 | D:11     | Reached skill level 5 in Evocations
 14907 | D:12     | Reached XP level 12. HP: 100/100 MP: 9/15
 15653 | D:12     | Reached ***** piety under Sif Muna
 15666 | D:12     | Received a gift from Sif Muna
 15674 | D:12     | Learned a level 3 spell: Mephitic Cloud
 15785 | D:12     | Found a runed translucent gate.
 15786 | D:12     | Found a runed translucent gate.
 15787 | D:12     | Found a runed translucent gate.
 15789 | D:12     | Noticed DogServant's ghost (journeyman DECj)
 16092 | D:13     | Reached skill level 1 in Invocations
 16221 | D:13     | You fall into a shaft and drop 1 floor!
 16283 | D:14     | Noticed an eight-headed hydra
 16394 | D:13     | Found Nient's Weapon Boutique.
 16541 | D:13     | Noticed Nessos
 16558 | D:13     | Killed Nessos
 16596 | D:13     | Noticed Kirke
 16614 | D:13     | Killed Kirke
 16636 | D:13     | HP: 4/100 [hell hound/blast of flame[Azrael] (4)]
 16841 | D:13     | Noticed a centaur warrior
 16923 | D:13     | Killed a centaur warrior
 17075 | D:13     | Noticed Azrael
 17106 | D:13     | Killed Azrael
 17106 | D:13     | Reached skill level 1 in Conjurations
 17106 | D:13     | Reached skill level 1 in Air Magic
 17231 | D:13     | Reached XP level 13. HP: 55/105 MP: 19/23
 17568 | D:13     | Found a gate to the Vaults.
 18113 | D:4      | Killed PirateVox's ghost
 18195 | D:5      | Killed PirateVox's ghost
 18414 | Lair:1   | Entered Level 1 of the Lair of Beasts
 18422 | Lair:1   | Reached skill level 5 in Invocations
 18660 | Lair:1   | Noticed Joseph
 18670 | Lair:1   | Killed Joseph
 19094 | Lair:1   | Learned a level 4 spell: Ice Form
 19417 | Lair:2   | Found a runed translucent door.
 19419 | Lair:2   | Noticed Zeamae's ghost (journeyman OpCj)
 19432 | Lair:2   | Identified Sif Muna's Papyrus of Mutagenic Companions (Sif
                  | Muna gifted it to you on level 2 of the Lair of Beasts)
 19432 | Lair:2   | Received a gift from Sif Muna
 19443 | Lair:2   | Killed Zeamae's ghost
 19570 | Lair:2   | Learned a level 6 spell: Hydra Form
 21950 | Lair:3   | HP: 1/136 [ice statue] (12)]
 21951 | Lair:3   | Engulfed by an ice statue's freezing vapour

Illustrated notes

Levels and vault maps discovered:
D:1:      kilobyte_arrival_exit_the_forest, layout_basic, st_stairs_10
D:2:      layout_loops_cross, chequers_ecumenical_altar_simple_redux,
          kennysheep_boxes
D:3:      layout_basic, cheibrodos_sewer_entry_bend
D:4:      layout_loops_ring, ebering_ghost_reflecting_pool,
          hangedman_minor_gate_pass, uniq_natasha, uniq_blork_the_orc
D:5:      layout_basic, gammafunk_ghost_icy, serial_shops, shop_fountains,
          gup_ossuary_entry_pyramid
D:6:      layout_rooms, overflow_temple_1_default, led_sif_pool,
          okawaru_altar_gauntlet_db
D:7:      minmay_the_grid_plus_closed [minmay_the_grid_outer_circle,
          minmay_the_grid_slots, minmay_the_grid_zigzag_pyramid,
          minmay_the_grid_square_x, minmay_the_grid_prize_big_room],
          layout_rooms, hangedman_ru_absence, minmay_temple_entry_glass
D:8:      layout_basic, serial_shops, kennysheep_mini, minmay_between
D:9:      kennysheep_big_flooded_room, layout_basic
D:10:     layout_basic, basic_altar
D:11:     layout_cave_pods, dpeg_oklobed_lair, hiddenorc2_lemuel, uniq_harold
D:12:     layout_long_grid, gammafunk_ghost_necromancy
D:13:     layout_roguey, david_vaults_5, serial_shops, shop, uniq_azrael,
          uniq_nessos, uniq_kirke
D:14:     layout_basic, gammafunk_ghost_hive, hangedman_decor_lopped
Lair:1:   layout_roguey, serial_bayou_pond_a, minivault_24,
          beast_lair_carwin_10, uniq_joseph
Lair:2:   layout_cave_shapes, ebering_ghost_inner_flame,
          grunt_forest_large_clearings, grunt_megastairs_4, lemuel_fruit_tree
Lair:3:   layout_small_grid, ice2_lemuel, grunt_megastairs_5

Skill      XL: |  1  2  3  4  5  6  7  8  9 10 11 12 13 |
---------------+----------------------------------------+-----
Unarmed Combat | 4 5 7 10 11 12 | 12.3
Poison Magic   | 2 |  2.1
Transmutations | 3 4 5 9 10 12 | 12.1
Dodging        | 7 |  7.7
Fighting       | 2 7 |  7.2
Evocations     | 6 8 |  8.8
Invocations    | 3 8 |  8.1
Spellcasting   | 7 |  7.0
Conjurations   | 2 |  2.3
Air Magic      | 2 |  2.3

Action                   |  1- 3 |  4- 6 |  7- 9 | 10-12 | 13-15 || total
-------------------------+-------+-------+-------+-------+-------++-------
Melee: Unarmed           |   105 |   186 |   493 |   588 |   305 ||  1677
       Kick              |    17 |    40 |    54 |     7 |       ||   118
       Tailslap          |     7 |    12 |    33 |    56 |    17 ||   125
       Headbutt          |     7 |    22 |    44 |    89 |    32 ||   194
       Punch             |       |     1 |    10 |    22 |    14 ||    47
 Cast: Beastly Appendage |    25 |    34 |    34 |    14 |     3 ||   110
       Wereblood         |     1 |     3 |    11 |    22 |    14 ||    51
       Spider Form       |       |     6 |    21 |       |       ||    27
       Blade Hands       |       |       |     2 |    76 |    29 ||   107
       Ice Form          |       |       |       |       |     4 ||     4
       Hydra Form        |       |       |       |       |     4 ||     4
 Abil: Breathe Acid      |       |       |       |     1 |       ||     1
  Use: Scroll            |       |    11 |    11 |     7 |       ||    29
       Potion            |       |     1 |     6 |     8 |     3 ||    18
 Stab: Sleeping          |     1 |       |       |       |       ||     1
       Invisible         |       |       |       |       |     1 ||     1
Armor: Skin              |    35 |    34 |   114 |   136 |    48 ||   367
Dodge: Dodged            |    74 |   109 |   340 |   452 |   238 ||  1213

Table legend: (Time is in decaauts)
 A = Elapsed time spent in this place.
 B = Non-inter-level travel time spent in this place.
 C = Inter-level travel time spent in this place.
 D = Time resting spent in this place.
 E = Time spent auto-exploring this place.
 F = Levels seen in this place.
 G = Mean time per level.
                   A        B        C        D        E       F      G
               +--------+--------+--------+--------+--------+-----+--------+
         Total |  21831 |  20792 |   1039 |   3837 |  12845 |  19 | 1149.0 |
       Dungeon |  16753 |  15761 |    992 |   3100 |   9567 |  14 | 1196.6 |
          Lair |   3471 |   3425 |     46 |    561 |   2320 |   3 | 1157.0 |
         Sewer |   1117 |   1117 |      0 |      0 |    830 |   1 | 1117.0 |
       Ossuary |    488 |    488 |      0 |    176 |    127 |   1 |  488.0 |
               +--------+--------+--------+--------+--------+-----+--------+

Top non-repeatable levels by time:
    D:11: 2007 daAuts
     D:8: 1750 daAuts
    D:13: 1654 daAuts
  Lair:2: 1548 daAuts
     D:4: 1431 daAuts
     D:2: 1394 daAuts
     D:5: 1336 daAuts
    D:12: 1300 daAuts
    D:10: 1263 daAuts
     D:7: 1255 daAuts
   Sewer: 1117 daAuts
     D:1: 1101 daAuts
     D:3: 995 daAuts
  Lair:3: 985 daAuts
  Lair:1: 938 daAuts
